 Dungeon Crawl Stone Soup version 0.31.0-11-ge490571c62 (webtiles) character file.

Game seed: 17507592162201461850

604 qw the Shooter (level 7, -1/35 HPs)
             Began as a Spriggan Hunter on Feb 4, 2024.
             Slain by a troll (9 damage)
             ... on level 5 of the Dungeon.
             The game lasted 00:00:16 (3884 turns).

qw the Shooter (Spriggan Hunter)                    Turns: 3884, Time: 00:00:16

Health: -1/35      AC:  5    Str:  7    XL:     7   Next: 18%
Magic:  8/8        EV: 24    Int: 11    God:
Gold:   185        SH:  0    Dex: 26    Spells: 6/6 levels left

rFire   . . .        a - +0 shortbow
rCold   . . .        (shield currently unavailable)
rNeg    . . .        c - +0 robe
rPois   .            (helmet restricted)
rElec   .            e - +2 cloak
rCorr   .            (gloves unavailable)
SInv    +            (boots unavailable)
Will    +....        (no amulet)
Stlth   ++           d - +6 ring of dexterity
HPRegen 0.25/turn    (no ring)
MPRegen 0.11/turn

%: no passive effects
@: very quick
A: very small, no large weapons, unfitting armour, see invisible, speed 3
a: no special abilities


You were on level 5 of the Dungeon.
You visited 1 branch of the dungeon, and saw 5 of its levels.

You collected 185 gold pieces.


Innate Abilities, Weirdness & Mutations

You are very small and have problems with some larger weapons.
You are too small for most types of armour.
You have supernaturally acute eyesight. (SInv)
You cover ground extremely quickly. (Speed+++)


   Skills:
 - Level 2.0 Fighting
 - Level 7.1 Ranged Weapons
 + Level 7.0 Dodging
 - Level 1.5 Stealth


You had 6 spell levels left.
You didn't know any spells.
Your spell library was empty.

Inventory:

Hand Weapons
 a - a +0 shortbow (weapon)
Armour
 c - a +0 robe (worn)
 e - a +2 cloak (worn)
Jewellery
 d - a +6 ring of dexterity (left hand)
Wands
 h - a wand of flame (37)
Scrolls
 i - a scroll of identify
Potions
 b - a potion of attraction {unknown}
 f - 4 potions of curing
 g - a potion of resistance
 k - a potion of might

Dungeon Overview and Level Annotations

Branches:
Dungeon (5/15)
 Temple: D:4-7

Altars:
Ashenzari
Cheibriados
Dithmenos
Hepliaklqana
Kikubaaqudgha
Makhleb
Ru
Sif Muna
The Shining One


Message History

The troll is moderately wounded.
You shoot an arrow. The arrow hits the hound!
The hound is severely wounded.
You shoot an arrow. The arrow hits the hound.
The hound is severely wounded.
Enter note:
Enter note:
3865 ||| RETREEEEATING.
Enter note:
3866 ||| RETREEEEATING.
Enter note:
3867 ||| RETREEEEATING.
A hound is nearby!
You shoot an arrow. The arrow barely misses the hound.
You shoot an arrow. The arrow hits the hound!
You kill the hound!
Your Ranged Weapons skill increases to level 7!
A troll is nearby!
You shoot an arrow. The arrow hits the troll.
The troll is lightly wounded.
You shoot an arrow. The arrow hits the troll.
The troll is lightly wounded.
You shoot an arrow. The arrow hits the troll.
The troll is moderately wounded.
The troll completely misses you. x2; The troll claws you!
You shoot an arrow. The arrow hits the troll.
The troll is moderately wounded.
The troll bites you. The troll misses you. The troll completely misses you.
You shoot an arrow.
The arrow hits the troll but does no damage.
The troll is moderately wounded.
The troll barely misses you. The troll completely misses you. x2
You shoot an arrow. The arrow closely misses the troll.
The troll bites you! The troll claws you but does no damage.
The troll barely misses you.
You shoot an arrow.
The arrow hits the troll but does no damage.
The troll is moderately wounded.
The troll misses you. x2; The troll claws you!
You die...

.........#...%....#
#........#........#
########........'........#
.........#######........#
###.....................##
.##..#.#)....######.###.#########
........................)).......
..........##.######.#.#.##.......
.......##.##....@.....#.##.######
.####..##.###..##T#####.##.#
..........# #...#...h...##.######
.############.........#........<#
....<.......#...#####.#.##)######
.###.######.# ..# #.#.......g# .#
#.# #.#.. # #.#..#.##..# ####.#
##.###.# #.####.# .# .....#
#......## #.. ... ..


You could see a troll.

Vanquished Creatures
  2 ogres
  2 hounds
  A jelly (D:4)
  A gnoll bouda (D:5)
  An iguana (D:4)
  An orc wizard (D:3)
  8 gnolls
  8 adders
  5 dart slugs
  4 ribbon worms
  12 orcs
  5 ball pythons
  5 bats
  A bat zombie (D:3)
  6 endoplasms
  2 giant cockroaches
  3 goblins
  9 hobgoblins
  4 jackals (D:5)
  5 kobolds
  3 quokkas
  4 frilled lizards
  2 frilled lizard zombies (D:3)
  6 rats
100 creatures vanquished.

Notes
Turn   | Place    | Note
-------+----------+-------------------------------------------
     0 | D:1      | qw the Spriggan Hunter began the quest for the Orb.
     0 | D:1      | Reached XP level 1. HP: 10/10 MP: 2/2
     0 | D:1      | 0 ||| qw: Version: 0.3-a-160-g6735b56
     0 | D:1      | 0 ||| qw: Game counter: 5074
     0 | D:1      | 0 ||| qw: Melee chars always use a shield: true
     0 | D:1      | 0 ||| qw: God list: Okawaru
     0 | D:1      | 0 ||| qw: Allow faded altars: false
     0 | D:1      | 0 ||| qw: Do Orc after clearing Dungeon:15 true
     0 | D:1      | 0 ||| qw: Do second Lair branch before Depths: true
     0 | D:1      | 0 ||| qw: Lair rune preference: random
     0 | D:1      | 0 ||| qw: Goals: Normal
     0 | D:1      | 0 ||| PLANNING D:1-11
    87 | D:1      | Reached skill level 3 in Dodging
   130 | D:1      | Reached XP level 2. HP: 14/14 MP: 3/3
   616 | D:1      | Reached XP level 3. HP: 17/18 MP: 4/4
   920 | D:1      | 920 ||| UPGRADING to +0 cloak.
   925 | D:1      | 925 ||| UPGRADING to +6 ring of dexterity.
   926 | D:1      | 926 ||| READING 3 scrolls labelled WUPSYU CUHEAK.
   927 | D:1      | 927 ||| READING scroll labelled HEBBEJ LIEVY.
   928 | D:1      | 928 ||| READING scroll labelled TESIEGH LORRU.
   928 | D:1      | 928 ||| ENCHANTING +0 cloak.
   929 | D:1      | 929 ||| DROPPING scroll of butterflies.
   930 | D:1      | 930 ||| DROPPING 2 scrolls of blinking.
  1079 | D:2      | 1079 ||| RETREEEEATING.
  1089 | D:2      | Reached XP level 4. HP: 8/22 MP: 5/5
  1298 | D:2      | Found a shadowy altar of Dithmenos.
  1438 | D:2      | 1438 ||| READING scroll of enchant armour.
  1438 | D:2      | 1438 ||| ENCHANTING +1 cloak.
  1724 | D:2      | 1724 ||| READING scroll labelled RAICRUJ CETO.
  1724 | D:2      | 1724 ||| IDENTIFYING 2 clear potions
  1725 | D:2      | 1725 ||| READING scroll labelled PATEWK YGOGOSUROG.
  1826 | D:2      | 1826 ||| READING scroll labelled IFATIAGHAM.
  1827 | D:2      | 1827 ||| READING scroll labelled LOSAPA IQUEMP.
  1828 | D:2      | 1828 ||| READING scroll labelled SETURE ZATU.
  1829 | D:2      | 1829 ||| DRINKING 2 puce potions.
  1830 | D:2      | 1830 ||| DROPPING potion of brilliance.
  1955 | D:3      | Found an ancient bone altar of Kikubaaqudgha.
  1985 | D:3      | Reached XP level 5. HP: 25/25 MP: 6/6
  2088 | D:3      | Reached skill level 6 in Dodging
  2155 | D:3      | Found a shadowy altar of Dithmenos.
  2199 | D:3      | Found a faded altar of an unknown god.
  2381 | D:3      | Found a sacrificial altar of Ru.
  2710 | D:3      | 2710 ||| READING scroll labelled LINKAYX LIBRU.
  2807 | D:4      | Found a broken altar of Ashenzari.
  2811 | D:4      | Saw a vision of the Swamp and the Snake Pit.
  2811 | D:4      | Noticed a black mamba
  2811 | D:4      | Noticed a naga
  2811 | D:4      | Noticed a mana viper
  2811 | D:4      | Noticed a black mamba
  2811 | D:4      | Noticed a bunyip
  2811 | D:4      | Noticed a bunyip
  2813 | D:4      | Noticed a mana viper
  2934 | D:4      | Found a glowing golden altar of the Shining One.
  2938 | D:4      | Found a snail-covered altar of Cheibriados.
  2942 | D:4      | Found a shimmering blue altar of Sif Muna.
  3076 | D:4      | Found a burning altar of Makhleb.
  3098 | D:4      | Noticed an ogre
  3099 | D:4      | 3099 ||| ZAPPING wand of flame (43) at -4,-1 (ogre; floor).
  3100 | D:4      | 3100 ||| ZAPPING wand of flame (42) at -3,-1 (ogre; floor).
  3101 | D:4      | 3101 ||| ZAPPING wand of flame (41) at -2,-1 (ogre; floor).
  3102 | D:4      | 3102 ||| ZAPPING wand of flame (40) at -1,-1 (ogre; floor).
  3103 | D:4      | 3103 ||| ZAPPING wand of flame (39) at -1,-1 (ogre; floor).
  3104 | D:4      | 3104 ||| ZAPPING wand of flame (38) at -1,-1 (ogre; floor).
  3104 | D:4      | Killed an ogre
  3105 | D:4      | Reached skill level 6 in Ranged Weapons
  3105 | D:4      | Reached XP level 6. HP: 30/30 MP: 7/7
  3213 | D:4      | Found a hazy altar of Hepliaklqana.
  3365 | D:4      | 3365 ||| READING scroll of identify.
  3365 | D:4      | 3365 ||| IDENTIFYING fuming brown potion
  3366 | D:4      | 3366 ||| DRINKING 2 sedimented inky potions.
  3413 | D:4      | 3413 ||| DRINKING 2 fizzy ruby potions.
  3414 | D:4      | 3414 ||| DROPPING potion of lignification.
  3441 | D:5      | Entered Level 5 of the Dungeon
  3449 | D:5      | 3449 ||| RETREEEEATING.
  3459 | D:5      | 3459 ||| RETREEEEATING.
  3464 | D:5      | HP: 7/30 [gnoll/+0 halberd[a gnoll bouda] (1)]
  3465 | D:5      | 3465 ||| READING scroll of teleportation.
  3651 | D:5      | Reached XP level 7. HP: 35/35 MP: 8/8
  3654 | D:5      | Noticed a troll
  3655 | D:5      | 3655 ||| RETREEEEATING.
  3656 | D:5      | 3656 ||| RETREEEEATING.
  3865 | D:5      | 3865 ||| RETREEEEATING.
  3866 | D:5      | 3866 ||| RETREEEEATING.
  3867 | D:5      | 3867 ||| RETREEEEATING.
  3883 | D:5      | HP: 8/35 [troll (17)]
  3884 | D:5      | Slain by a troll

Levels and vault maps discovered:
D:1:      nagdon_arrival_double_spiral, layout_basic
D:2:      layout_loops_cross, basic_altar, minmay_bisected
D:3:      layout_basic, lemuel_zombie_altar_kikubaaqudgha,
          nicolae_overflow_crystal_walls, nicolae_dithmenos_the_darkroom,
          shapermc_ecumenical_altar_mp_ritualfount, minivault_11
D:4:      layout_loops_cross, kennysheep_little_box, grunt_ashenzari_visionary
          [grunt_ashenzari_visionary_swamp, grunt_ashenzari_visionary_snake],
          grunt_temple_overflow_diamond, mainiacjoe_overflow_cross_hatched
D:5:      layout_basic, mainiacjoe_overflow_catwalk, regret_index_xom_of_box

Skill      XL: |  1  2  3  4  5  6  7 |
---------------+----------------------+-----
Dodging        | 3 4 5 6 7 |  7.0
Ranged Weapons | 5 6 7 |  7.1
Fighting       | 2 |  2.0
Stealth        | |  1.5

Action                     |  1- 3 |  4- 6 |  7- 9 || total
---------------------------+-------+-------+-------++-------
   Fire: Shortbow          |    89 |   200 |    49 ||   338
  Evoke: Wand              |       |     6 |       ||     6
    Use: Scroll            |     3 |     9 |       ||    12
         Potion            |       |     3 |       ||     3
 Armour: Robe              |    12 |    14 |    13 ||    39
  Dodge: Dodged            |    21 |    70 |    41 ||   132

Table legend:
 A = Non-vault XP
 B = Vault XP
 C = Vault XP percentage of total XP
 D = Non-vault monster count
 E = Vault monster count
 F = Vault count percentage of total count
                 A         B        C        D         E       F
            +---------+---------+-------+---------+---------+-------
      Total |     851 |      13 |   1.5 |      94 |       6 |   6.0
            +---------+---------+-------+---------+---------+-------
        D:1 |      49 |       0 |   0.0 |      25 |       0 |   0.0
        D:2 |     107 |       9 |   7.8 |      20 |       3 |  13.0
        D:3 |     103 |       4 |   3.7 |      25 |       3 |  10.7
        D:4 |     309 |       0 |   0.0 |      12 |       0 |   0.0
        D:5 |     283 |       0 |   0.0 |      12 |       0 |   0.0
            +---------+---------+-------+---------+---------+-------
